 Dungeon Crawl Stone Soup version 0.21-a0-140-g479285b (webtiles) character file.

415 kuniqs the Firebug (level 6, -4/32 HPs)
             Began as a Gargoyle Fire Elementalist on July 21, 2017.
             Slain by a centaur
             ... wielding a +0 war axe
              (9 damage)
             ... on level 5 of the Dungeon.
             The game lasted 00:08:02 (4604 turns).

kuniqs the Firebug (Gargoyle Fire Elementalist)     Turns: 4604, Time: 00:08:03

Health: -4/32      AC:  6    Str: 12    XL:     6   Next: 91%
Magic:  0/9        EV: 12    Int: 17    God:
Gold:   129        SH:  4    Dex: 10    Spells: 3/9 levels left

rFire    . . .     SeeInvis .   o - +1 short sword
rCold    . . .     Gourm    .   s - +0 buckler
rNeg     + . .     Faith    .   a - +0 robe
rPois    ∞         Spirit   .   (no helmet)
rElec    +         Reflect  .   (no cloak)
rCorr    .         Harm     .   (no gloves)
MR       .....                  (no boots)
Stlth    ++........             (no amulet)
HPRegen  0.10/turn              (no ring)
MPRegen  0.11/turn              (no ring)

@: no status effects
A: negative energy resistance 1, electricity resistance, unbreathing,
petrification resistance, rot immunity, AC +4
a: no special abilities


You were on level 5 of the Dungeon.
You were hungry.

You visited 1 branch of the dungeon, and saw 5 of its levels.

You collected 129 gold pieces.

Inventory:

Hand Weapons
 o - a +1 short sword (weapon)
Armour
 a - a +0 robe (worn)
 s - a +0 buckler (worn)
Wands
 t - a wand of digging (14/24)
Scrolls
 c - a scroll of teleportation
 f - 6 scrolls of identify {@r1}
 h - a scroll of amnesia {unknown}
 i - a scroll of fog {unknown}
 k - a scroll of enchant weapon
 l - a scroll of recharging {unknown}
 p - a scroll of enchant armour {unknown}
 u - a scroll of remove curse {unknown}
Potions
 j - a potion of agility
 q - a potion of haste {unknown}
 r - a potion of degeneration {unknown}
Books
 b - a book of Flames

   Spells                             Type                      Level
   a - Flame Tongue                   Conjuration/Fire             1
   b - Throw Flame                    Conjuration/Fire             2
   c - Conjure Flame                  Conjuration/Fire             3
   d - Inner Flame                    Hexes/Fire                   3
   e - Sticky Flame                   Conjuration/Fire             4
   f - Fireball                       Conjuration/Fire             5
Comestibles
 d - 4 bread rations
 e - a meat ration
 m - 2 royal jellies


   Skills:
 + Level 2.8 Dodging
 + Level 4.1 Stealth
 + Level 2.6 Shields
 - Level 2.0 Spellcasting
 + Level 3.5 Conjurations
 + Level 4.5 Fire Magic


You had 3 spell levels left.
You knew the following spells:

 Your Spells              Type           Power        Failure   Level  Hunger
a - Flame Tongue          Conj/Fire      ###..        4%          1    #......
b - Throw Flame           Conj/Fire      ###...       7%          2    ###....
c - Conjure Flame         Conj/Fire      ###.....     13%         3    ###....


Dungeon Overview and Level Annotations

Branches:
Dungeon (5/15)
 Temple: D:4-7

Altars:
Hepliaklqana
Makhleb
Okawaru
Xom

Annotations:
D:3 Terence
D:4 Grinder


Innate Abilities, Weirdness & Mutations

You are resistant to torment.
Your stone body is resilient. (AC +4)
You are immune to poison.
You resist negative energy. (rN+)
You are resistant to electric shocks. (rElec)
You can survive without breathing.
You are immune to petrification.
You are immune to rotting.


Message History

You feel much better. The centaur barely misses you.
You completely miss the centaur. The centaur barely misses you.
You hit the centaur. You block the centaur's attack.
The centaur hits you with an uncursed war axe.
You hit the centaur but do no damage.
The centaur hits you with an uncursed war axe.
You hit the centaur. The centaur barely misses you.
The centaur hits you but does no damage.
Aim: a centaur, wielding a war axe (almost dead)
The flame tongue hits the centaur.
The centaur appears unharmed.
The centaur hits you but does no damage.
You barely miss the centaur.
The centaur hits you with an uncursed war axe!
* * * LOW HITPOINT WARNING * * *
You hit the centaur. The centaur closely misses you.
The centaur hits you with an uncursed war axe.
* * * LOW HITPOINT WARNING * * *
You barely miss the centaur.
The centaur hits you with an uncursed war axe!
You die...

#####.............#
.
#...#.........#...##
...
#...#.#'#######.....
.....###..#.#.#
##..##
.....cZ...#.#.# #..#
.....####.#.#(#
#..## ... #.#.#.#
#.>.. . #c#.#.#
##### #@#.#.###
#.#.....# #.###.#.#
#.# #.#.# #.# #.#.#
#.###.#.##########
#(....#...........
##################


You could see a centaur.

Vanquished Creatures
  3 orc priests
  2 orc wizards (D:5)
  A centaur skeleton (D:5)
  An iguana (D:5)
  A worker ant (D:5)
  A hound skeleton (D:4)
  A howler monkey zombie (D:5)
  6 adders
  A gnoll (D:1)
  2 oozes (D:1)
  5 worms
  3 dart slugs
  3 leopard geckos
  2 orcs
  A giant cockroach (D:2)
  10 goblins
  4 hobgoblins
  9 jackals
  4 quokkas
  3 ball pythons
  6 bats
  5 frilled lizards
  A jackal zombie (D:5)
  13 kobolds
  9 rats
97 creatures vanquished.

Notes
Turn   | Place    | Note
-------+----------+-------------------------------------------
     0 | D:1      | kuniqs the Gargoyle Fire Elementalist began the quest for the Orb.
     0 | D:1      | Reached XP level 1. HP: 10/10 MP: 3/3
    55 | D:1      | Reached XP level 2. HP: 2/15 MP: 0/5
   108 | D:1      | Learned a level 2 spell: Throw Flame
   733 | D:1      | Reached XP level 3. HP: 19/19 MP: 4/6
   938 | D:1      | Found a shimmering altar of Xom.
  1191 | D:1      | Learned a level 3 spell: Conjure Flame
  1586 | D:2      | Reached XP level 4. HP: 22/24 MP: 0/7
  1614 | D:2      | Found an iron altar of Okawaru.
  1957 | D:2      | Reached skill level 1 in Shields
  2441 | D:3      | Reached XP level 5. HP: 28/28 MP: 1/8
  2593 | D:3      | Found a burning altar of Makhleb.
  3133 | D:3      | Found a hazy altar of Hepliaklqana.
  3144 | D:3      | Noticed Terence
  3387 | D:4      | Noticed Grinder
  3528 | D:5      | Entered Level 5 of the Dungeon
  3530 | D:5      | Got a bloodstained scale mail
  3814 | D:5      | Reached XP level 6. HP: 32/32 MP: 6/9
  4015 | D:5      | Identified the +2 scale mail of Ipheb {Regen+ Dex-4 Stlth+} (You found it on level 5 of the Dungeon)
  4594 | D:5      | HP: 1/32 [centaur/uncursed war axe (8)]
  4604 | D:5      | Slain by a centaur

Vault maps used:
D:1:      dpeg_arrival_central, serial_curves, eino_curves_02, eino_curves_04,
          st_stairs_7, xom_teletrap_fun
D:2:      kennysheep_okawaru_gauntlet
D:3:      marbit_many_paths, nicolae_overflow_crystal_walls, first_bread,
          uniq_terence
D:4:      roderic_lattice_a, uniq_ijyb, uniq_grinder
D:5:      minmay_misc_feat_roman, kennysheep_generic_room_5

Skill      XL: |  1  2  3  4  5  6 |
---------------+-------------------+-----
Stealth        | 3 4 |  4.1
Dodging        | 2 |  2.8
Conjurations   | 2 3 |  3.5
Shields        | 1 2 |  2.6
Fire Magic     | 4 |  4.5
Spellcasting   | |  2.0

Action                   |  1- 3 |  4- 6 || total
-------------------------+-------+-------++-------
Melee: Unarmed           |    18 |       ||    18
       Short sword       |     8 |    85 ||    93
 Cast: Flame Tongue      |    61 |   164 ||   225
  Use: Potion            |       |     4 ||     4
       Scroll            |       |     3 ||     3
  Eat: Chunk             |     3 |    12 ||    15
Armor: Robe              |    12 |    42 ||    54
Dodge: Dodged            |    26 |   102 ||   128
Block: Buckler           |     3 |    27 ||    30
